 Dungeon Crawl Stone Soup version 0.30-a0-953-g5f1da4a474 (webtiles) character file.

Game seed: 6250241886850286480

287 Jeffwins the Ducker (level 6, -1/46 HPs)
             Began as a Human Wanderer on Mar 29, 2023.
             Slain by Duvessa
             ... wielding a +0 short sword
              (7 damage)
             ... on level 4 of the Dungeon.
             The game lasted 00:04:20 (2894 turns).

Jeffwins the Ducker (Human Wanderer)                Turns: 2894, Time: 00:04:20

Health: -1/46      AC:  6    Str: 12    XL:     6   Next: 56%
Magic:  9/9        EV: 17    Int: 16    God:
Gold:   162        SH:  0    Dex: 11    Spells: 5/9 levels left

rFire   . . .      SeeInvis .    e - +1 hand axe (holy)
rCold   . . .      Faith    .    (no shield)
rNeg    . . .      Spirit   .    d - +2 leather armour
rPois   .          Reflect  .    (no helmet)
rElec   .          Rampage  .    s - +0 cloak
rCorr   .                        (no gloves)
Will    .....                    (no boots)
Stlth   ++                       (no amulet)
HPRegen 0.27/turn                E - +5 ring of evasion
MPRegen 0.11/turn                (no ring)

@: no status effects
A: no striking features
a: no special abilities


You were on level 4 of the Dungeon.
You visited 1 branch of the dungeon, and saw 4 of its levels.

You collected 162 gold pieces.


   Skills:
 + Level 2.8 Fighting
 * Level 2.9 Axes
 + Level 0.4 Throwing
 + Level 4.3 Dodging
 + Level 2.1 Stealth
 + Level 2.0 Spellcasting
 * Level 4.1 Summonings
 + Level 0.6 Evocations


You had 5 spell levels left.
You knew the following spells:

 Your Spells              Type           Power      Damage    Failure   Level
x - Call Canine Familiar  Summ           15%        N/A       14%         3
z - Summon Small Mammal   Summ           60%        N/A       4%          1

Your spell library contained the following spells:

 Spells                   Type           Power      Damage    Failure   Level


Inventory:

Hand Weapons
 a - a +0 club
 e - a +1 hand axe of holy wrath (weapon)
Missiles
 u - 2 poisoned darts (quivered)
Armour
 d - a +2 leather armour (worn)
 s - a +0 cloak (worn)
Jewellery
 E - a +5 ring of evasion (left hand)
Wands
 n - a wand of paralysis (11)
 o - a wand of iceblast (9)
Scrolls
 b - 3 scrolls of teleportation {@r4}
 c - 2 scrolls of fog
 g - 3 scrolls of enchant weapon {unknown}
 h - 2 scrolls of amnesia {unknown}
 i - a scroll of poison {unknown}
 j - 2 scrolls of blinking {unknown}
 k - 4 scrolls of identify {unknown}
 l - 2 scrolls of magic mapping {unknown}
 p - a scroll of torment {unknown}
 r - a scroll of acquirement {unknown}
 t - a scroll of noise {unknown}
 v - a scroll of vulnerability {unknown}
Potions
 f - a potion of curing {unknown}
 m - 2 potions of cancellation {unknown}
 q - a potion of flight {unknown}
 w - a potion of heal wounds {unknown}
 x - 2 potions of haste {@q3}

Dungeon Overview and Level Annotations

Branches:
Dungeon (4/15)
 Temple: D:4-7

Altars:

Shops:
D:3 :

Annotations:
D:4 Dowan, Duvessa

##### #### ###...#
####...
#@#)..######......
#e#>..'....'......
#.#...######......
######'#...# #......
#.....ยง..#......#......
#........######.#...###
#........# #####
#........# #.........


You could see Duvessa (fast).


Message History

Duvessa is almost dead.
Duvessa completely misses you.
You hit Duvessa.
Duvessa is almost dead.
Duvessa hits you with a +0 short sword. Duvessa hits you with a +0 short sword!
You completely miss Duvessa.
Duvessa is almost dead.
Duvessa hits you with a +0 short sword!
* * * LOW HITPOINT WARNING * * *
Duvessa completely misses you.
You are too injured to fight recklessly!
You are too injured to fight recklessly!
Unknown command.
Okay, then.
You closely miss Duvessa.
Duvessa is almost dead.
Duvessa hits you with a +0 short sword.
* * * LOW HITPOINT WARNING * * *
Duvessa hits you but does no damage.
You closely miss Duvessa.
Duvessa is almost dead.
Dowan casts a spell.
Dowan blinks!
Duvessa hits you with a +0 short sword.
* * * LOW HITPOINT WARNING * * *
You hit Duvessa but do no damage.
Duvessa is almost dead.
Duvessa hits you with a +0 short sword.
* * * LOW HITPOINT WARNING * * *
Duvessa hits you with a +0 short sword!
You die...

Skill      XL: |  1  2  3  4  5  6 |
---------------+-------------------+-----
Axes           | 1 2 |  2.9
Stealth        | 1 2 |  2.1
Summonings     | 4 |  4.1
Spellcasting   | 2 |  2.0
Fighting       | |  2.8
Throwing       | |  0.4
Dodging        | |  4.3
Evocations     | |  0.6

Action                     |  1- 3 |  4- 6 || total
---------------------------+-------+-------++-------
  Melee: Hand axe          |   107 |   198 ||   305
         Punch             |     1 |     2 ||     3
   Cast: Call Canine Famil |     1 |     6 ||     7
         Summon Small Mamm |       |     1 ||     1
  Evoke: Wand              |       |     1 ||     1
   Stab: Sleeping          |     3 |     4 ||     7
         Distracted        |       |     2 ||     2
         Paralysed         |       |     9 ||     9
 Armour: Leather armour    |    30 |    32 ||    62
  Dodge: Dodged            |    72 |   185 ||   257

Levels and vault maps discovered:
D:1:      mainiacjoe_arrival_reflecting_pool, layout_loops_ring,
          shapermc_ecumenical_altar_pompeii
D:2:      layout_basic, grunt_ministairs_15, uniq_natasha
D:3:      cheibrodos_old_hovel, layout_rooms, serial_shops, shop
D:4:      corexii_shantytown, layout_basic, chequers_arboretum, uniq_duvessa

Notes
Turn   | Place    | Note
-------+----------+-------------------------------------------
     0 | D:1      | Jeffwins the Human Wanderer began the quest for the Orb.
     0 | D:1      | Jeffwins set off with the following items: a +0 club, a
                  | scroll of teleportation {@r4}, a scroll of fog, a +2
                  | leather armour; and the following spell memorised: Summon
                  | Small Mammal; and the following spells available to
                  | memorise: Call Canine Familiar.
     0 | D:1      | Reached XP level 1. HP: 16/16 MP: 2/2
   113 | D:1      | Reached XP level 2. HP: 19/22 MP: 3/3
   236 | D:1      | Reached skill level 1 in Axes
   292 | D:1      | Found a faded altar of an unknown god.
   385 | D:1      | Reached XP level 3. HP: 27/27 MP: 4/4
   389 | D:1      | Learned a level 3 spell: Call Canine Familiar
   997 | D:2      | Reached skill level 1 in Stealth
   997 | D:2      | Reached XP level 4. HP: 27/34 MP: 1/6
  1096 | D:2      | Reached skill level 2 in Axes
  1113 | D:2      | Noticed Natasha
  1121 | D:2      | Killed Natasha
  1122 | D:2      | Reached XP level 5. HP: 26/39 MP: 3/7
  1192 | D:2      | Noticed Natasha
  1204 | D:2      | Killed Natasha
  1528 | D:2      | Noticed Natasha
  1537 | D:2      | Killed Natasha
  2070 | D:3      | Found Ederercho's Book Shop.
  2155 | D:3      | Reached skill level 4 in Summonings
  2295 | D:3      | Reached XP level 6. HP: 46/46 MP: 8/8
  2566 | D:4      | Reached skill level 2 in Stealth
  2716 | D:4      | Reached skill level 2 in Spellcasting
  2826 | D:4      | Noticed Duvessa
  2830 | D:4      | Noticed Dowan
  2894 | D:4      | Slain by Duvessa

Vanquished Creatures
  A scorpion (D:4)
  Natasha (thrice) (D:2)
  An iguana (D:2)
  A gnoll (D:4)
  2 adders
  An ufetubus (D:4)
  2 dart slugs
  2 worms (D:3)
  8 orcs
  3 bats
  11 endoplasms
  2 giant cockroaches (D:1)
  4 goblins
  5 hobgoblins
  10 kobolds
  2 quokkas (D:1)
  4 ball pythons
  5 frilled lizards
  4 rats
71 creatures vanquished.

Vanquished Creatures (collateral kills)
  2 orcs (D:3)
  2 goblins
  2 hobgoblins
  A kobold (D:4)
  A rat (D:2)
8 creatures vanquished.

Vanquished Creatures (others)
  A plant (D:3)
1 creature vanquished.

Grand Total: 80 creatures vanquished

Table legend: (Time is in decaauts)
 A = Elapsed time spent in this place.
 B = Non-inter-level travel time spent in this place.
 C = Inter-level travel time spent in this place.
 D = Time resting spent in this place.
 E = Time spent auto-exploring this place.
 F = Levels seen in this place.
 G = Mean time per level.
                   A        B        C        D        E       F      G
               +--------+--------+--------+--------+--------+-----+--------+
         Total |   2955 |   2825 |    130 |     30 |   2111 |   4 |  738.8 |
       Dungeon |   2955 |   2825 |    130 |     30 |   2111 |   4 |  738.8 |
               +--------+--------+--------+--------+--------+-----+--------+

Top non-repeatable levels by time:
     D:2: 984 daAuts
     D:1: 882 daAuts
     D:3: 587 daAuts
     D:4: 501 daAuts

Table legend:
 A = Non-vault XP
 B = Vault XP
 C = Vault XP percentage of total XP
 D = Non-vault monster count
 E = Vault monster count
 F = Vault count percentage of total count
                 A         B        C        D         E       F
            +---------+---------+-------+---------+---------+-------
      Total |     333 |      77 |  18.8 |      63 |      16 |  20.3
            +---------+---------+-------+---------+---------+-------
        D:1 |      53 |       0 |   0.0 |      29 |       0 |   0.0
        D:2 |     124 |      39 |  23.9 |      10 |       3 |  23.1
        D:3 |      54 |       1 |   1.8 |      18 |       1 |   5.3
        D:4 |     102 |      37 |  26.6 |       6 |      12 |  66.7
            +---------+---------+-------+---------+---------+-------
